 Dungeon Crawl Stone Soup version 0.31-a0-210-gccc998df9b (webtiles) character file.

Game seed: 301610652754466606

3131 ketsa the Cleaver (level 10, 0/123 HPs)
             Began as a Formicid Fighter on June 29, 2023.
             Was an Initiate of Gozag.
             Slain by a two-headed ogre
             ... wielding a +0 dire flail
              (6 damage)
             ... on level 7 of the Dungeon on June 30, 2023.
             The game lasted 00:21:20 (7260 turns).

ketsa the Cleaver (Formicid Fighter)                Turns: 7260, Time: 00:21:20

Health: 0/123      AC: 25    Str: 24    XL:     10   Next: 14%
Magic:  10/10      EV:  2    Int:  9    God:    Gozag
Gold:   271        SH:  7    Dex: 13    Spells: 9/9 levels left

rFire   . . .        g - +1 battleaxe (elec)
rCold   . . .        l - +2 buckler
rNeg    . . .        n - melded +0 chain mail
rPois   +            (helmet unavailable)
rElec   .            (cloak currently unavailable)
rCorr   .            (gloves currently unavailable)
SInv    .            h - melded +0 pair of boots
Will    +....        (no amulet)
Stlth   +            w - +5 ring of evasion
HPRegen 0.40/turn    (no ring)
MPRegen 0.12/turn

%: no passive effects
@: tree-form, gold aura
A: stationary, stasis, torment immunity, boosted hp, permanent stasis, dig
shafts and tunnels, (antennae 3), four strong arms
a: Renounce Religion, Potion Petition, Call Merchant, Bribe Branch


You were on level 7 of the Dungeon.
You worshipped Gozag.
Gozag was aware of your devotion.
You were a tree.
You visited 2 branches of the dungeon, and saw 9 of its levels.

You collected 412 gold pieces.
You spent 30 gold pieces at shops.
You paid 111 gold pieces to Gozag.

Inventory:

Hand Weapons
 a - a +0 war axe
 g - a +1 battleaxe of electrocution (weapon)
Missiles
 k - 4 javelins
Armour
 b - a +0 scale mail
 h - a +0 pair of boots (melded)
 l - a +2 buckler (worn)
 n - a +0 chain mail (melded)
 s - a +2 hat
Jewellery
 j - a ring of magical power
 v - a ring of ice
 w - a +5 ring of evasion (left branch)
Wands
 o - a wand of digging (5)
Scrolls
 i - a scroll of vulnerability
 m - 2 scrolls of poison
 p - a scroll of revelation {unknown}
 t - a scroll of silence {unknown}
Potions
 c - a potion of curing
 e - a potion of degeneration {unknown}
 f - 3 potions of mutation
 q - a potion of ambrosia
 r - 2 potions of cancellation
 x - a potion of attraction
Miscellaneous
 d - a piece from Xom's chessboard (15/15)


   Skills:
 + Level 8.7 Fighting
 + Level 10.5 Axes
 + Level 5.8 Armour
 - Level 5.0 Shields


You had 9 spell levels left.
You didn't know any spells.
Your spell library contained the following spells:

 Spells                   Type           Power      Damage    Failure   Level
 Animate Armour           Summ/Erth      0%         N/A       99%         4
 Summon Lightning Spire   Summ/Air       0%         N/A       99%         4
 Blade Hands              Tmut           0%         N/A       100%        5
 Borgnjor's Revivificati  Necr           0%         N/A       100%        8
 Necromutation            Tmut/Necr      0%         N/A       100%        8
 Death's Door             Necr           0%         N/A       100%        9


Dungeon Overview and Level Annotations

Branches:
Dungeon (8/15)             Temple (1/1) D:7
   Lair: D:8-11

Altars:
Ashenzari
Cheibriados
Dithmenos
Elyvilon
Fedhas
Gozag
Hepliaklqana
Kikubaaqudgha
Makhleb
Nemelex Xobeh
Qazlal
Sif Muna
Trog
Uskayaw
Vehumet
Xom
Yredelemnul
Zin
The Shining One

Shops:
D:6 *

Annotations:
D:3 Sigmund


Innate Abilities, Weirdness & Mutations

You are a tree.
Your roots penetrate the ground, keeping you stationary.
You cannot be teleported.
You are immune to unholy pain and torment.
Your maximum health is greatly increased.
Your equipment is partially melded.
You cannot be hasted, slowed, berserked, paralysed or teleported.
You can dig through walls and to a lower floor.
((You have a pair of large antennae on your head. (SInv)))
Your four strong arms can wield two-handed weapons with a shield.


Message History

You kill the white imp!
The steam dragon breathes steam at you. The ball of steam hits you!
The two-headed ogre hits you with a +0 dire flail!!
* * * LOW HITPOINT WARNING * * *
The two-headed ogre hits you with a +0 giant club!!
* * * LOW HITPOINT WARNING * * *
Okay, then.
Okay, then.
Really quaff the potion of lignification?
Really become a tree while standing in a cloud of steam?
Okay, then.
Unknown command.
Unknown command.
Unknown command.
You are engulfed in a cloud of scalding steam.
* * * LOW HITPOINT WARNING * * *
The steam dragon is distracted by your dazzling golden aura.
You climb upwards.
There is a stone staircase leading down here.
Okay, then.
Really quaff the potion of lignification?
You turn into a tree.
Your +0 pair of boots melds into your body.
Your +0 chain mail melds into your body.
Your roots penetrate the ground.
The two-headed ogre hits you but does no damage. x2
You feel better.
The two-headed ogre completely misses you.
The two-headed ogre hits you with a +0 giant club!
* * * LOW HITPOINT WARNING * * *
You hit the two-headed ogre but do no damage.
Lightning courses through the two-headed ogre!
The two-headed ogre is moderately wounded.
You barely miss the two-headed ogre.
The two-headed ogre is moderately wounded.
The two-headed ogre hits you but does no damage.
The two-headed ogre hits you with a +0 giant club.
You die...
Your body crumbles into a pile of gold.

#.# #.#.#.#.#...#.###.## #.#
##...#..###.###...#### #.#
#.......#.....#..#...##
#.######.#####.#.....##.......
###........# #.#..>..##.#...#.
##...##.....# #.#.....#........
...#.##...#.# #.#.....#........
##...######.#####.###.###........
##.##### #....<♣..#...#.......).
#..†..# ##<..O...#.⌠.####....#.
#####.# ######..#...####....#.
#####.### #..##.###.......?
#.......# #...#..##.##.#..#
###...#.#.#### #............#..#
.##..........####...##.......#.#.
..........................[#..###
.............................## #


You could see a two-headed ogre.

Vanquished Creatures
  A hornet (D:6)
  A steam dragon (D:7)
  2 vampire mosquitoes (D:6)
  Edmund (D:4)
  An orc warrior (D:7)
  3 black bears
  2 sky beasts (D:6)
  4 ogres
  A centaur (D:7)
  A scorpion (D:7)
  4 bullfrogs
  7 wights
  5 hounds
  5 orc priests
  2 jellies
  A sleepcap (D:5)
  Natasha (D:4)
  3 iguanas
  4 orc wizards
  2 gnolls (D:1)
  3 adders
  2 white imps
  An ufetubus (D:5)
  4 worms
  3 dart slugs
  34 orcs
  8 endoplasms
  4 giant cockroaches
  5 hobgoblins
  15 jackals
  3 quokkas
  5 ball pythons
  7 bats
  3 frilled lizards
  7 goblins
  9 kobolds
  4 rats
168 creatures vanquished.

Notes
Turn   | Place    | Note
-------+----------+-------------------------------------------
     0 | D:1      | ketsa the Formicid Fighter began the quest for the Orb.
     0 | D:1      | Reached XP level 1. HP: 18/18 MP: 1/1
    82 | D:1      | Found a faded altar of an unknown god.
   123 | D:1      | Reached XP level 2. HP: 22/24 MP: 2/2
   282 | D:1      | Reached XP level 3. HP: 27/29 MP: 3/3
   301 | D:1      | Reached skill level 3 in Axes
   653 | D:1      | Reached XP level 4. HP: 28/35 MP: 4/4
   949 | D:2      | Reached skill level 5 in Shields
  1127 | D:2      | Reached skill level 4 in Axes
  1352 | D:2      | Reached XP level 5. HP: 41/41 MP: 5/5
  1770 | D:3      | Noticed Sigmund
  2277 | D:3      | Found a blossoming altar of Fedhas.
  2358 | D:4      | Noticed Edmund
  2374 | D:4      | Killed Edmund
  2375 | D:4      | Reached skill level 5 in Axes
  2375 | D:4      | Reached XP level 6. HP: 27/47 MP: 6/6
  2459 | D:4      | Found a broken altar of Ashenzari.
  2466 | D:4      | Noticed an ogre
  2498 | D:4      | Killed an ogre
  2499 | D:4      | Reached skill level 6 in Axes
  2671 | D:4      | Noticed an ogre
  2677 | D:4      | Killed an ogre
  2678 | D:4      | Reached XP level 7. HP: 34/52 MP: 7/7
  2797 | D:4      | Reached skill level 7 in Axes
  3077 | D:4      | Noticed Natasha
  3090 | D:4      | Killed Natasha
  3425 | D:5      | Entered Level 5 of the Dungeon
  3517 | D:5      | You fall into a shaft and drop 3 floors!
  3843 | D:7      | Reached skill level 8 in Axes
  3843 | D:7      | Reached XP level 8. HP: 53/60 MP: 8/8
  3980 | D:6      | Found a shimmering altar of Xom.
  4152 | D:5      | Reached skill level 5 in Fighting
  5016 | D:6      | Reached skill level 9 in Axes
  5243 | D:6      | Reached XP level 9. HP: 26/71 MP: 9/9
  5451 | D:6      | Noticed a hornet
  5700 | D:6      | Found Ynimytza's General Store.
  6041 | D:6      | Killed a hornet
  6218 | D:6      | Reached skill level 10 in Axes
  6221 | D:6      | Bought a scroll of identify for 30 gold pieces
  6566 | D:7      | Identified the +1 leather armour of Failure {rCorr}
  6575 | D:7      | Found a basalt altar of Yredelemnul.
  6624 | D:7      | Reached skill level 5 in Armour
  6720 | D:7      | Found a staircase to the Ecumenical Temple.
  6729 | Temple   | Entered the Ecumenical Temple
  6848 | Temple   | Became a worshipper of Gozag Ym Sagoz the Greedy
  6960 | D:7      | Reached XP level 10. HP: 80/80 MP: 10/10
  7249 | D:8      | Noticed a two-headed ogre
  7254 | D:8      | HP: 3/82 [two-headed ogre/+0 dire flail (19)]
  7260 | D:7      | Slain by a two-headed ogre

Illustrated notes

Levels and vault maps discovered:
D:1:      saegor_arrival_simple_d, layout_loops_ring, basic_ecumenical_altar,
          minmay_3d_cube
D:2:      layout_loops_ring
D:3:      layout_loops_ring, fedhas_altar_4, minmay_crystal_room, uniq_sigmund
D:4:      layout_loops_cross, evilmike_ruin_ashenzari, uniq_natasha, uniq_edmund
D:5:      layout_basic, serial_glass, glass_columns_a, glass_columns_a,
          glass_columns_c, glass_columns_b, glass_columns_a, glass_columns_a,
          glass_columns_c, glass_columns_b, glass_columns_c, glass_columns_a,
          minmay_misc_feat_rugged, chequers_serial_rivers_micro_e
D:6:      layout_rooms, xom_butterflies, serial_shops,
          nicolae_inconvenience_store
D:7:      black_bear_nest_1, layout_loops_cross, mainiacjoe_overflow_alcove_4,
          minmay_temple_entry_antechambers, eino_small_chamber_without_monster
D:8:      lemuel_ice_spiral_2, layout_basic, nicolae_overflow_hidden_temple,
          nicolae_ru_sacrificial_ziggurat, david_lair_shrubbed,
          grunt_ministairs_13
Temple:   hellmonk_temple_of_storms

Skill      XL: |  1  2  3  4  5  6  7  8  9 |
---------------+----------------------------+-----
Axes           | 3 4 5 6 8 9 10 | 10.5
Shields        | 5 |  5.0
Fighting       | 4 6 8 |  8.7
Armour         | 5 |  5.8

Action                     |  1- 3 |  4- 6 |  7- 9 | 10-12 || total
---------------------------+-------+-------+-------+-------++-------
  Melee: War axe           |    80 |   139 |   233 |       ||   452
         Battleaxe         |       |       |    24 |    26 ||    50
Ability: Shaft Self        |       |       |     1 |       ||     1
    Use: Scroll            |       |     1 |     9 |       ||    10
         Potion            |       |     1 |     3 |     2 ||     6
 Armour: Scale mail        |    45 |    68 |    83 |       ||   196
         Chain mail        |       |       |    15 |     2 ||    17
         Skin              |       |       |     1 |     3 ||     4
  Dodge: Dodged            |    34 |    56 |   124 |    15 ||   229
  Block: Buckler           |    23 |    38 |    94 |    12 ||   167

Table legend: (Time is in decaauts)
 A = Elapsed time spent in this place.
 B = Non-inter-level travel time spent in this place.
 C = Inter-level travel time spent in this place.
 D = Time resting spent in this place.
 E = Time spent auto-exploring this place.
 F = Levels seen in this place.
 G = Mean time per level.
                   A        B        C        D        E       F      G
               +--------+--------+--------+--------+--------+-----+--------+
         Total |   7372 |   7167 |    205 |   1517 |   3247 |   9 |  819.1 |
       Dungeon |   7247 |   7046 |    201 |   1517 |   3225 |   8 |  905.9 |
        Temple |    124 |    120 |      4 |      0 |     22 |   1 |  124.0 |
               +--------+--------+--------+--------+--------+-----+--------+

Top non-repeatable levels by time:
     D:6: 1621 daAuts
     D:7: 1194 daAuts
     D:4: 1107 daAuts
     D:1: 928 daAuts
     D:5: 879 daAuts
     D:2: 821 daAuts
     D:3: 650 daAuts
  Temple: 124 daAuts
     D:8: 42 daAuts
